 Dungeon Crawl Stone Soup version 0.28-a0-10-g964c8b829e (webtiles) character file.

Game seed: 7556561962626058414

108521 bjtr the Thaumaturge (level 16, -12/119 HPs)
             Began as an Octopode Conjurer on July 24, 2021.
             Was the Champion of Vehumet.
             Mangled by an ettin (38 damage)
             ... on level 1 of the Orcish Mines on July 25, 2021.
             The game lasted 04:42:20 (40373 turns).

bjtr the Thaumaturge (Octopode Conjurer)           Turns: 40373, Time: 04:42:21

Health: -12/119    AC:  3    Str:  8    XL:     16   Next: 49%
Magic:  34/34      EV: 18    Int: 27    God:    Vehumet [******]
Gold:   928        SH: 15    Dex: 17    Spells: 0/37 levels left

rFire   + + .      SeeInvis .   a - +9 scimitar (flame)
rCold   + . .      Faith    +   P - +4 kite shield
rNeg    + . .      Spirit   .   p - +2 hat
rPois   +          Reflect  .   A - amulet of faith
rElec   .          Harm     .   y - +6 ring of dexterity
rCorr   .          Rampage  .   D - ring "Zawkergha" {Fly rPois rF+ Slay+3}
Will    +++..                   I - ring of protection from fire
Stlth   +++++.....              e - ring of protection from cold
HPRegen 0.29/turn               g - ring of positive energy
MPRegen 0.24/turn               j - ring of willpower
                                (no ring)
                                (no ring)

@: flying
A: almost no armour, amphibious, 8 rings, camouflage 1, gelatinous body 1,
(nimble swimmer 1), tentacles, tentacle spike 1, high mp 1, strong-willed 1,
sense surroundings 1, robust 1, strong 1, evolution 1
a: Renounce Religion


You were on level 1 of the Orcish Mines.
You worshipped Vehumet.
Vehumet was exalted by your worship.
You visited 4 branches of the dungeon, and saw 24 of its levels.
You visited 1 bazaar.
You also visited: Bailey.

You collected 2740 gold pieces.
You spent 1812 gold pieces at shops.

Inventory:

Hand Weapons
 a - a +9 scimitar of flaming (weapon)
 b - a +3 hand crossbow
 m - a +0 eveningstar of protection
 r - a +4 vorpal great mace
 u - a +0 halberd
 z - the +3 hunting sling "Ultimatum" {speed, rF- Dex+4 SInv}
   (You bought it in a shop in a bazaar)

   Attacks with this weapon are significantly faster.
   Dex:       It affects your dexterity (+4).
   rF:        It makes you vulnerable to fire.
   SInv:      It lets you see invisible.
 C - a +3 double sword of protection
 J - the +4 long sword "Wyunnui" {freeze, Dex+3}
   (You bought it in a shop on level 2 of the Orcish Mines)

   It freezes those it strikes, dealing additional cold damage.
   It can also slow down cold-blooded creatures.
   Dex:       It affects your dexterity (+3).
Missiles
 n - 109 bolts
 t - 3 curare-tipped darts
 E - 6 silver boomerangs
 M - 5 boomerangs of dispersal (quivered)
 X - 2 atropa-tipped darts
 Y - a throwing net
Armour
 p - a +2 hat (worn)
 w - a +2 tower shield of reflection
 P - a +4 kite shield (worn)
Jewellery
 e - a ring of protection from cold (on tentacle)
 g - a ring of positive energy (on tentacle)
 j - a ring of willpower (on tentacle)
 k - a ring of fire
 s - a ring of fire
 y - a +6 ring of dexterity (left tentacle)
 A - an amulet of faith (around mantle)
 D - the ring "Zawkergha" (right tentacle) {Fly rPois rF+ Slay+3}
   (You acquired it in a bailey)

   [ring of poison resistance]

   Slay:      It affects your accuracy & damage with ranged weapons and melee
   (+3).
   rF:        It protects you from fire.
   rPois:     It protects you from poison.
   Fly:       It grants you flight.
 I - a ring of protection from fire (on tentacle)
Wands
 v - a wand of paralysis (21)
 x - a wand of polymorph (5)
 B - a wand of digging (7)
 H - a wand of iceblast (22)
 V - a wand of flame (69)
Scrolls
 c - 11 scrolls of teleportation
 d - a scroll of amnesia
 f - 6 scrolls of fog
 h - 4 scrolls of fear
 i - 4 scrolls of identify
 G - a scroll of magic mapping
 Z - a scroll of silence
Potions
 l - 2 potions of cancellation
 o - a potion of magic
 q - 8 potions of curing
 L - a potion of resistance {unknown}
 Q - 2 potions of might
 T - 3 potions of haste
Miscellaneous
 W - a phantom mirror


   Skills:
 + Level 9.8 Fighting
 + Level 9.0 Long Blades
 + Level 10.8 Dodging
 + Level 9.5 Stealth
 + Level 10.4 Shields
 * Level 11.2 Spellcasting
 + Level 10.9 Conjurations
 - Level 3.4 Translocations
 + Level 6.0 Transmutations
 + Level 6.5 Fire Magic
 - Level 5.6 Air Magic
 - Level 4.0 Earth Magic
 + Level 7.9 Poison Magic
 + Level 4.2 Evocations


You couldn't memorise any spells.
You knew the following spells:

 Your Spells              Type           Power      Damage    Failure   Level
a - Magic Dart            Conj           100%       1d8       1%          1
b - Irradiate             Conj/Tmut      28%        3d23      1%          5
c - Mephitic Cloud        Conj/Pois/Air  56%        N/A       1%          3
d - Ignite Poison         Fire/Tmut/Pois 51%        N/A       1%          3
e - Iskenderun's Mystic   Conj/Tloc      52%        2d11      1%          4
f - Stone Arrow           Conj/Erth      100%       3d13      1%          3
g - Bolt of Magma         Conj/Fire/Erth 26%        4d12      2%          5
h - Orb of Destruction    Conj           32%        9d12      17%         7
i - Swiftness             Air            45%        N/A       1%          3
j - Blink                 Tloc           N/A        N/A       2%          2
k - Corona                Hex            16%        N/A       7%          1

Your spell library contained the following spells:

 Spells                   Type           Power      Damage    Failure   Level
 Sandblast                Erth           74%        2d16      1%          1
 Passwall                 Tmut/Erth      35%        N/A       1%          2
 Searing Ray              Conj           100%       3d7       1%          2
 Static Discharge         Conj/Air       56%        N/A       1%          2
 Dazzling Flash           Conj/Hex       88%        N/A       1%          3
 Airstrike                Air            22%        N/A       1%          4
 Fulminant Prism          Conj/Hex       22%        3d13      1%          4
 Hailstorm                Conj/Ice       44%        3d10      1%          4
 Sticky Flame             Conj/Fire      58%        2d7       1%          4
 Summon Small Mammal      Summ           60%        N/A       7%          1
 Starburst                Conj/Fire      29%        8x6d9     8%          6
 Lee's Rapid Deconstruct  Erth           18%        3d12*     10%         5
 Ensorcelled Hibernation  Hex/Ice        30%        N/A       11%         2
 Passage of Golubria      Tloc           N/A        N/A       16%         4
 Yara's Violent Unravell  Hex/Tmut       15%        3d8       16%         5
 Call Canine Familiar     Summ           15%        N/A       21%         3
 Summon Guardian Golem    Hex/Summ       15%        N/A       21%         3
 Tukima's Dance           Hex            15%        N/A       21%         3
 Ice Form                 Ice/Tmut       31%        N/A       21%         4
 Leda's Liquefaction      Hex/Erth       13%        N/A       28%         4
 Dispel Undead            Necr           15%        3d10      56%         4
 Summon Ice Beast         Ice/Summ       15%        N/A       56%         4
 Statue Form              Tmut/Erth      28%        N/A       78%         6
 Summon Mana Viper        Hex/Summ       15%        N/A       88%         5
 Dispersal                Tloc           16%        N/A       94%         6
 Storm Form               Tmut/Air       23%        N/A       99%         7
 Simulacrum               Ice/Necr       7%         N/A       100%        6
 Monstrous Menagerie      Summ           7%         N/A       100%        7
 Disjunction              Tloc           16%        N/A       100%        8


Dungeon Overview and Level Annotations

Branches:
Dungeon (15/15)            Temple (1/1) D:7            Lair (6/6) D:9
 Shoals (0/4) Lair:4        Snake (0/4) Lair:4        Slime (0/5) Lair:5
    Orc (2/2) D:12            Elf (0/3) Orc:2        Vaults (0/5) D:14
 Depths (0/5) D:15         Bailey (visited)

Altars:
Ashenzari
Cheibriados
Dithmenos
Elyvilon
Fedhas
Gozag
Hepliaklqana
Kikubaaqudgha
Makhleb
Nemelex Xobeh
Okawaru
Qazlal
Ru
Sif Muna
Trog
Uskayaw
Vehumet
Wu Jian
Xom
Yredelemnul
Zin
The Shining One
Beogh

Shops:
D:3 *   D:4 *   D:12 (   Orc:2 [=[[(

Annotations:
D:5 Grinder


Innate Abilities, Weirdness & Mutations

You cannot wear most types of armour.
You are amphibious.
You can wear up to eight rings at the same time.
Your skin changes colour to match your surroundings (Stealth+).
Your rubbery body absorbs attacks. (AC +1, EV +1)
((You are camouflaged near water. (Stealth+)))
You have tentacles for arms and can constrict up to eight enemies at once.
One of your tentacles bears a spike.
You have an increased reservoir of magic. (+10% MP)
You are strong-willed. (Will+)
You passively map a small area around you.
You are robust. (+10% HP)
Your muscles are strong. (Str +2)
You evolve.


Message History

You now have 908 gold pieces (gained 25).
Things that are here:
a +0 club; an orc corpse
Things that are here:
a +0 club; an orc corpse
Things that are here:
a +0 dagger; a +0 robe
Things that are here:
a +0 club; an orc corpse You now have 928 gold pieces (gained 20).
Things that are here:
a +0 club; an orc corpse
Things that are here:
a +0 dagger; a +0 robe
There is a stone staircase leading down here.
Done exploring.
Done exploring.
There is a stone staircase leading down here.
You fly downwards.
There is a stone staircase leading up here.
There is a stone staircase leading up here.
You fly upwards.
The ettin shouts in stereo! 3 orcs, an orc warrior and an orc wizard come into view.
The orc wizard is wielding a +1 dagger of venom.
The orc wizard shouts!
The orc shouts!
The orc warrior shouts!
The orc shouts! x2
The ettin hits you with a +0 dire flail!!
The ettin hits you with a +0 great mace!!!
The orc wizard hits you with a +1 dagger of venom.
The ettin hits you with a +0 dire flail!!!
* * * LOW HITPOINT WARNING * * *
You block the ettin's attack.
You hear two shouts!
Found 29 gold pieces.
There is a stone staircase leading down, spattered with blood here.
Unknown command.
Unknown command.
You feel much better. You block the orc wizard's attack.
The ettin hits you with a +0 dire flail!!!
You die...

, ,, ##.#.. ,
#.... , ,
##.o.. , * **
....## ,
####.o..** ,
, #....o. #
#.....#.###..
*
*#.C@.......
#.oo..#..#. *
###.....#
#.#..##*
####$.. .###
, . ** ##


You could see an ettin, an orc warrior, an orc wizard and 3 orcs.

Vanquished Creatures
  Rupert (Lair:5)
  Gastronok (D:11)
  2 orc warlords
  The ghost of barkas the Basher, a journeyman NaWr of Gozag (Lair:6)
  A dire elephant (Lair:5)
  A fire dragon (Lair:6)
  3 catoblepae (Lair:6)
  A vault guard (D:14)
  The ghost of robertstho the Thaumaturge, a journeyman DjFE of Gozag (D:9)
  2 centaur warriors
  Erolcha (D:9)
  3 boulder beetles
  8 hydras
  6 death yaks (Lair:6)
  3 tengu warriors
  4 two-headed ogres
  2 orc high priests (Orc:2)
  Sonja (D:11)
  Urug (Lair:5)
  2 skeletal warriors (D:15)
  A fire crab (shapeshifter) (D:14)
  A wolf spider zombie (D:9)
  A tengu zombie (D:15)
  A flayed ghost (D:15)
  Pikel (D:9)
  3 necromancers
  3 wizards (D:14)
  2 orc knights
  A lindwurm (Lair:5)
  3 oklob plants
  4 deep elf pyromancers
  5 cyclopes
  4 spectral centaurs (D:9)
  8 manticores
  9 slime creatures
  3 black mambas
  4 centaur zombies
  Joseph (D:9)
  Maggie (Lair:2)
  9 cane toads
  4 kobold demonologists
  3 gargoyles
  3 unseen horrors (D:12)
  14 rime drakes
  4 efreet
  Psyche (D:12)
  A tengu conjurer (D:12)
  8 komodo dragons
  3 polar bears
  A wind drake (Lair:4)
  10 trolls
  An elf zombie (D:15)
  7 dream sheep
  22 blink frogs
  A meliai zombie (D:11)
  2 spriggan zombies (D:15)
  A centaur simulacrum (D:9)
  Sigmund (D:6)
  A vampire (D:13)
  A wraith (D:10)
  A wyvern (D:9)
  A shadow (D:13)
  A human (shapeshifter) (D:13)
  5 basilisks
  51 yaks
  15 humans (D:14)
  11 steam dragons
  13 vampire mosquitoes
  6 wargs
  2 nagas (Lair:4)
  An acid dragon (D:13)
  16 water moccasins
  A hornet zombie (D:8)
  36 orc warriors
  6 ogres
  2 ice beasts
  4 boggarts (D:15)
  8 wolves
  A necrophage (D:5)
  5 centaurs
  4 lemures (D:9)
  A phantom (D:6)
  A kobold brigand (D:8)
  8 bullfrogs
  3 gnoll sergeants
  A wyvern zombie (D:5)
  A scorpion (D:6)
  4 killer bees (D:11)
  5 howler monkeys
  An electric eel (Lair:4)
  A bullfrog zombie (D:6)
  A hound (D:5)
  A jelly (D:6)
  2 bullfrog skeletons
  A gnoll shaman (D:6)
  22 orc priests
  2 scorpion zombies (D:5)
  18 orc wizards
  2 killer bee zombies
  A howler monkey zombie (D:9)
  25 gnolls
  6 adders
  2 shadow imps
  An ufetubus (D:6)
  An adder zombie (D:5)
  An adder skeleton (D:4)
  2 worms
  A dart slug (D:1)
  84 orcs
  6 ball pythons
  7 bats
  6 endoplasms
  4 giant cockroaches
  9 goblins
  7 hobgoblins
  6 jackals (D:3)
  23 kobolds
  3 quokkas
  A frilled lizard (D:2)
  A quokka skeleton (D:4)
  3 rats
  A bush (Lair:2)
665 creatures vanquished.

Vanquished Creatures (collateral kills)
  A boggart (D:15)
1 creature vanquished.

Vanquished Creatures (others)
  An orc (D:15)
  39 fungi
  42 plants
  17 withered plants (D:15)
99 creatures vanquished.

Grand Total: 765 creatures vanquished

Notes
Turn   | Place    | Note
-------+----------+-------------------------------------------
     0 | D:1      | bjtr the Octopode Conjurer began the quest for the Orb.
     0 | D:1      | Reached XP level 1. HP: 11/11 MP: 3/3
   387 | D:1      | Reached XP level 2. HP: 17/17 MP: 3/5
   390 | D:1      | Learned a level 2 spell: Searing Ray
   735 | D:1      | Found a faded altar of an unknown god.
  1039 | D:1      | Reached XP level 3. HP: 22/22 MP: 2/6
  1389 | D:2      | Reached XP level 4. HP: 24/27 MP: 2/7
  1668 | D:2      | Reached skill level 5 in Conjurations
  2100 | D:3      | Reached skill level 1 in Fighting
  2196 | D:3      | Found Cygaowae's Assorted Antiques.
  2319 | D:3      | Reached XP level 5. HP: 33/33 MP: 2/8
  2505 | D:3      | Reached skill level 1 in Shields
  3224 | D:4      | Reached XP level 6. HP: 38/38 MP: 3/10
  3542 | D:4      | Found Zotymuz's General Store.
  3962 | D:4      | Gained mutation: You are robust. (+10% HP) [potion of
                  | mutation]
  3962 | D:4      | Gained mutation: You are agile. (Dex +2) [potion of
                  | mutation]
  3963 | D:4      | Lost mutation: You are agile. (Dex +2) [potion of mutation]
  3963 | D:4      | Gained mutation: You have an increased reservoir of magic.
                  | (+10% MP) [potion of mutation]
  3963 | D:4      | Gained mutation: You evolve. [potion of mutation]
  3986 | D:4      | Learned a level 3 spell: Mephitic Cloud
  3990 | D:4      | Learned a level 3 spell: Ignite Poison
  4010 | D:5      | Entered Level 5 of the Dungeon
  4034 | D:5      | Reached skill level 3 in Spellcasting
  5192 | D:5      | Gained mutation: You sometimes lose the ability to read
                  | scrolls when taking damage. [evolution]
  5409 | D:5      | Reached XP level 7. HP: 49/49 MP: 1/13
  5764 | D:5      | Reached skill level 4 in Spellcasting
  5764 | D:5      | Reached XP level 8. HP: 47/57 MP: 0/16
  6386 | D:6      | Reached skill level 1 in Poison Magic
  6417 | D:5      | Reached skill level 5 in Spellcasting
  6668 | D:6      | Noticed Grinder
  6684 | D:6      | Paralysed by an orc for 3 turns
  6784 | D:6      | Paralysed by Grinder for 4 turns
  7682 | D:6      | Noticed Sigmund
  7688 | D:6      | Killed Sigmund
  7689 | D:6      | Reached skill level 1 in Air Magic
  7890 | D:6      | Reached XP level 9. HP: 54/63 MP: 13/19
  7969 | D:7      | Found a staircase to the Ecumenical Temple.
  7996 | Temple   | Entered the Ecumenical Temple
  8747 | Temple   | Became a worshipper of Vehumet
  8787 | D:7      | Noticed a two-headed ogre
  8800 | D:7      | Killed a two-headed ogre
  8801 | D:7      | Reached skill level 5 in Stealth
  8801 | D:7      | Reached skill level 6 in Spellcasting
  8801 | D:7      | Reached skill level 1 in Fire Magic
  8901 | D:7      | Reached skill level 1 in Transmutations
  9214 | D:7      | Found a bloodstained altar of Trog.
  9330 | D:7      | You fall into a shaft and drop 2 floors!
  9330 | D:9      | Found a runed translucent gate.
  9330 | D:9      | Found a runed translucent gate.
  9330 | D:9      | Found a runed translucent gate.
  9331 | D:9      | Noticed a spectral centaur warrior
  9345 | D:9      | Noticed a spectral centaur warrior
  9345 | D:9      | Noticed robertstho's ghost (journeyman DjFE)
  9345 | D:9      | Noticed a spectral centaur warrior
  9345 | D:9      | Noticed a spectral centaur warrior
  9380 | D:8      | Found a flagged portal.
  9395 | Bailey   | Entered a bailey
  9405 | Bailey   | Noticed an orc warlord
  9907 | Bailey   | Reached skill level 5 in Shields
  9907 | Bailey   | Reached skill level 7 in Spellcasting
  9907 | Bailey   | Reached XP level 10. HP: 75/75 MP: 21/23
  9918 | Bailey   | Found a runed translucent gate.
  9919 | Bailey   | Found a runed translucent gate.
  9920 | Bailey   | Found a runed translucent gate.
  9990 | Bailey   | Gained mutation: You are strong-willed. (Will+) [evolution]
 10037 | Bailey   | Reached * piety under Vehumet
 10037 | Bailey   | Offered knowledge of Sandblast by Vehumet.
 10535 | Bailey   | Killed an orc warlord
 10536 | Bailey   | Reached XP level 11. HP: 75/81 MP: 5/24
 10745 | Bailey   | Identified the +2 ring mail of an ossuary {Regen+ SInv}
 10755 | Bailey   | Got the Tome of the Compass and Feathers
 10756 | Bailey   | Reached XP level 12. HP: 88/88 MP: 26/26
 10860 | Bailey   | Learned a level 2 spell: Blink
 10864 | Bailey   | Learned a level 3 spell: Swiftness
 10869 | Bailey   | Learned a level 4 spell: Iskenderun's Mystic Blast
 10869 | Bailey   | Acquired the ring "Zawkergha" {Fly rPois rF+ Slay+3}
 12289 | D:9      | Noticed Pikel
 12303 | D:9      | Killed Pikel
 12318 | D:9      | Offered knowledge of Freeze by Vehumet.
 12319 | D:9      | Reached skill level 8 in Spellcasting
 12321 | D:9      | Reached ** piety under Vehumet
 12524 | D:9      | Noticed Erolcha
 12721 | D:9      | Noticed Joseph
 12863 | D:9      | Killed Erolcha
 13213 | D:9      | Killed Joseph
 14214 | D:9      | Found a staircase to the Lair.
 14404 | D:10     | Entered Level 10 of the Dungeon
 15303 | D:10     | Learned a level 4 spell: Sticky Flame
 15513 | D:10     | Lost mutation: You sometimes lose the ability to read
                  | scrolls when taking damage. [evolution]
 15727 | D:10     | Offered knowledge of Stone Arrow by Vehumet.
 15728 | D:10     | Reached skill level 5 in Fire Magic
 15733 | D:10     | Learned a level 3 spell: Stone Arrow
 15890 | D:11     | Noticed Sonja
 15894 | D:11     | Killed Sonja
 15895 | D:11     | Reached skill level 5 in Poison Magic
 16351 | D:11     | Reached *** piety under Vehumet
 16362 | D:11     | Reached skill level 1 in Earth Magic
 16446 | D:11     | Noticed Gastronok
 16506 | D:11     | Killed Gastronok
 16507 | D:11     | Reached XP level 13. HP: 70/96 MP: 2/28
 17638 | D:12     | Noticed Psyche
 18218 | D:11     | Gained mutation: One of your tentacles bears a spike.
                  | [evolution]
 18309 | D:11     | Offered knowledge of Hailstorm by Vehumet.
 18839 | D:11     | Reached skill level 9 in Spellcasting
 19246 | D:12     | Found Paramn's Weapon Shoppe.
 19256 | D:12     | Found a staircase to the Orcish Mines.
 19262 | D:12     | Reached **** piety under Vehumet
 19383 | D:12     | Killed Psyche
 19399 | D:12     | Offered knowledge of Lightning Bolt by Vehumet.
 20955 | D:13     | Reached ***** piety under Vehumet
 20959 | D:13     | Offered knowledge of Ozocubu's Refrigeration by Vehumet.
 21486 | D:13     | Reached skill level 1 in Long Blades
 21801 | D:14     | Found a sparkling altar of Nemelex Xobeh.
 21932 | D:14     | Reached XP level 14. HP: 91/106 MP: 25/30
 23226 | D:14     | Reached skill level 5 in Air Magic
 23379 | D:14     | Found a gate to the Vaults.
 23427 | D:14     | Upgraded the game from 0.28-a0-8-g6e044cfa68 to
                  | 0.28-a0-10-g964c8b829e
 23548 | D:14     | Reached skill level 5 in Long Blades
 23890 | D:15     | Entered Level 15 of the Dungeon
 23895 | D:15     | Found an opulent altar of Gozag.
 24063 | D:15     | Learned a level 5 spell: Bolt of Magma
 24113 | D:15     | Gained mutation: Your muscles are strong. (Str +2)
                  | [evolution]
 24269 | D:15     | Offered knowledge of Conjure Ball Lightning by Vehumet.
 24544 | D:15     | Reached skill level 10 in Spellcasting
 24838 | D:15     | Found a staircase to the Depths.
 25819 | D:9      | Killed robertstho's ghost
 25820 | D:9      | Reached skill level 10 in Conjurations
 26024 | Lair:1   | Entered Level 1 of the Lair of Beasts
 26497 | Lair:1   | Reached XP level 15. HP: 112/112 MP: 22/32
 26726 | Lair:1   | Reached skill level 10 in Shields
 27516 | Lair:2   | Offered knowledge of Orb of Destruction by Vehumet.
 27660 | Lair:2   | Learned a level 7 spell: Orb of Destruction
 27672 | Lair:2   | Noticed Maggie
 27678 | Lair:2   | Killed Maggie
 28828 | Lair:3   | Found a radiant altar of Vehumet.
 28986 | Lair:3   | Learned a level 1 spell: Corona
 29731 | Lair:4   | Found a staircase to the Snake Pit.
 30635 | Lair:4   | You are sucked into a shaft and drop 1 floor!
 30698 | Lair:4   | Gained mutation: You passively map a small area around you.
                  | [evolution]
 31147 | Lair:4   | Found a staircase to the Shoals.
 31558 | Lair:5   | Noticed Rupert
 31565 | Lair:5   | Noticed Urug
 31605 | Lair:5   | Paralysed by Rupert for 3 turns
 31794 | Lair:5   | Killed Urug
 31949 | Lair:5   | Found a transporter.
 31951 | Lair:5   | Found a transporter.
 32218 | Lair:5   | Killed Rupert
 32483 | Lair:5   | Found a staircase to the Slime Pits.
 33147 | Lair:6   | Entered Level 6 of the Lair of Beasts
 33155 | Lair:6   | Reached skill level 10 in Dodging
 33488 | Lair:6   | Offered knowledge of Iskenderun's Battlesphere by Vehumet.
 33895 | Lair:6   | Found a large runed translucent door.
 33895 | Lair:6   | Found a large runed translucent door.
 35472 | Lair:6   | Reached XP level 16. HP: 110/118 MP: 28/34
 35551 | Lair:6   | Reached skill level 11 in Spellcasting
 36466 | Lair:6   | Reached skill level 5 in Transmutations
 37206 | Lair:6   | Noticed barkas's ghost (journeyman NaWr)
 37369 | Lair:6   | Killed barkas's ghost
 37689 | Orc:1    | Entered Level 1 of the Orcish Mines
 37942 | Orc:2    | Entered Level 2 of the Orcish Mines
 38011 | Orc:2    | Found Mipum's Jewellery Emporium.
 38121 | Orc:2    | Found a staircase to the Elven Halls.
 38257 | Orc:2    | Found Koleud's Antique Weapon Boutique.
 38261 | Orc:2    | Found Tumics's Antique Armour Shop.
 38447 | Orc:2    | Found a flickering gateway to a bazaar.
 38459 | Bazaar   | Entered a bazaar
 38574 | Bazaar   | Found Ysixuvac's Magic Scroll Shoppe.
 38575 | Bazaar   | Found Qeohebyi's Magic Scroll Emporium.
 38602 | Bazaar   | Found Ojeck's Magic Scroll Shop.
 38602 | Bazaar   | Found Niedo's Antique Weapon Boutique.
 38619 | Bazaar   | Found Gynur's Weapon Shoppe.
 38642 | Bazaar   | Found Loung's Assorted Antiques.
 38647 | Bazaar   | Bought a bloodstained hunting sling for 117 gold pieces
 38647 | Bazaar   | Identified the +3 hunting sling "Ultimatum" {speed, rF-
                  | Dex+4 SInv} (You bought it in a shop in a bazaar)
 38647 | Bazaar   | Bought a gold wand for 72 gold pieces
 38647 | Bazaar   | Bought a potion of haste for 180 gold pieces
 38647 | Bazaar   | Bought a potion of heal wounds for 90 gold pieces
 38661 | Bazaar   | Bought a double sword for 285 gold pieces
 38678 | Bazaar   | Bought a scroll of brand weapon for 240 gold pieces
 38678 | Bazaar   | Bought a scroll of magic mapping for 42 gold pieces
 38684 | Bazaar   | Bought a scroll of enchant armour for 135 gold pieces
 38684 | Bazaar   | Bought 2 scrolls of enchant weapon for 270 gold pieces
 38684 | Bazaar   | Bought a scroll of enchant weapon for 135 gold pieces
 38798 | Orc:2    | Reached ****** piety under Vehumet
 39024 | Orc:2    | Offered knowledge of Irradiate by Vehumet.
 39064 | Orc:2    | Found Egguoni's Antique Armour Shop.
 39171 | Orc:2    | Bought an encrusted long sword for 246 gold pieces
 39171 | Orc:2    | Identified the +4 long sword "Wyunnui" {freeze, Dex+3} (You
                  | bought it in a shop on level 2 of the Orcish Mines)
 39509 | Orc:2    | Acquired 393 gold pieces
 39890 | Orc:2    | Found Taoll's Antique Armour Shoppe.
 40150 | Orc:1    | Learned a level 5 spell: Irradiate
 40372 | Orc:1    | HP: 1/119 [ettin (37)]
 40373 | Orc:1    | Mangled by an ettin

Illustrated notes

Levels and vault maps discovered:
D:1:      erik_arrival_blinker_ship, layout_basic,
          hellmonk_ecumenical_altar_heavens_door, lemuel_another_geyser
D:2:      layout_rooms
D:3:      layout_basic, serial_shops, shop
D:4:      layout_rooms, serial_shops, nicolae_shop_behind_doors
D:5:      layout_layer_cave
D:6:      layout_loops_cross, uniq_sigmund, uniq_grinder
D:7:      layout_basic, bloody_trog, minmay_temple_entry_stoned_glass
D:8:      layout_loops_ring, enter_bailey_2
D:9:      layout_layer_cave, erik_lair_orcish_takeover,
          gammafunk_ghost_necromancy, uniq_pikel, uniq_erolcha, uniq_joseph
D:10:     layout_basic
D:11:     layout_rooms, uniq_sonja, uniq_gastronok
D:12:     layout_grid_maze, orc_david_3, chequers_serial_rivers_micro_e,
          minivault_27, minmay_alternating_orb, uniq_psyche
D:13:     layout_roguey
D:14:     layout_roguey, grunt_vaults_entry_tiered,
          nemelex_xobeh_ov_fountains_minmay, minmay_quadrilaterals
D:15:     gammafunk_depths_entry_grave, layout_rooms,
          hangedman_abyss_or_decor_jellyfish_corner, nicolae_gozag_seed_capital
Temple:   nicolae_temple_the_god_donut
Lair:1:   layout_small_grid, minivault_23
Lair:2:   layout_misc_corridors, minmay_lair_oklob_bushes, uniq_maggie
Lair:3:   layout_cellular_growth, basic_altar, grunt_megastairs_3,
          infiniplex_staircase_pool_2
Lair:4:   layout_regular_city, minmay_shoals_entry_beasts,
          guppyfry_snake_entry_island, fungi_pond_lemuel, grunt_megastairs_5
Lair:5:   gammafunk_boulding_lane, layout_small_grid,
          minmay_slime_entry_oklob_enclosed, minmay_stone_trees_small,
          uniq_rupert, uniq_urug
Lair:6:   evilmike_catoblepas_cave, layout_regular_city,
          ebering_ghost_disaster_area, bobbens_dragon_lair_wall
Orc:1:    layout_diamond_mine, mines1_david
Orc:2:    grunt_orc_community_town_hall, layout_diamond_mine,
          grunt_orc_community_big_house_2, grunt_orc_community_big_house_1,
          grunt_orc_community_house_3, grunt_orc_community_house_2,
          grunt_orc_community_house_3, grunt_orc_community_house_2,
          grunt_orc_community_house_2, grunt_orc_community_house_1,
          serial_shops, bzr_entry_water, nicolae_shop_statue_plus, mines3_lemuel

Skill      XL: |  1  2  3  4  5  6  7  8  9 10 11 12 13 14 15 16 |
---------------+-------------------------------------------------+-----
Stealth        | 3 4 7 8 9 |  9.5
Conjurations   | 5 6 7 8 9 10 | 10.9
Fighting       | 1 2 3 6 8 9 |  9.8
Shields        | 1 5 7 8 9 10 | 10.4
Spellcasting   | 3 4 5 7 8 9 10 11 | 11.2
Dodging        | 3 4 6 7 8 9 10 | 10.8
Poison Magic   | 1 2 3 5 6 7 |  7.9
Air Magic      | 1 2 3 4 5 |  5.6
Fire Magic     | 1 4 5 6 |  6.5
Transmutations | 1 2 3 4 6 |  6.0
Evocations     | 3 4 |  4.2
Translocations | 2 3 |  3.4
Earth Magic    | 1 2 3 4 |  4.0
Long Blades    | 1 6 8 9 |  9.0

Action                   |  1- 3 |  4- 6 |  7- 9 | 10-12 | 13-15 | 16-18 || total
-------------------------+-------+-------+-------+-------+-------+-------++-------
Melee: Hand axe          |       |     9 |       |       |       |       ||     9
       Constrict         |       |     1 |     3 |    20 |    69 |    30 ||   123
       Flail             |       |       |     1 |       |       |       ||     1
       Scythe            |       |       |     7 |       |       |       ||     7
       Broad axe         |       |       |       |    93 |    12 |       ||   105
       Halberd           |       |       |       |     4 |       |       ||     4
       Tentacles         |       |       |       |    24 |    75 |    27 ||   126
       Scimitar          |       |       |       |       |   349 |   139 ||   488
       Kick              |       |       |       |       |   121 |    35 ||   156
 Fire: Hand crossbow     |       |       |       |     7 |    21 |     1 ||    29
Throw: Throwing net      |       |       |     2 |     3 |     3 |       ||     8
       Boomerang         |       |       |    12 |     4 |       |       ||    16
 Cast: Magic Dart        |    33 |    38 |    15 |     2 |     5 |     2 ||    95
       Searing Ray       |     5 |    37 |    31 |    41 |    27 |       ||   141
       Mephitic Cloud    |       |     3 |    17 |    46 |   127 |    13 ||   206
       Ignite Poison     |       |     1 |     5 |    25 |    68 |    10 ||   109
       Stone Arrow       |       |       |       |    13 |    75 |    17 ||   105
       Sticky Flame      |       |       |       |     4 |     6 |       ||    10
       Iskenderun's Myst |       |       |       |     2 |    37 |    21 ||    60
       Blink             |       |       |       |     2 |    10 |     1 ||    13
       Swiftness         |       |       |       |       |     7 |       ||     7
       Bolt of Magma     |       |       |       |       |    41 |    24 ||    65
       Orb of Destructio |       |       |       |       |    36 |    17 ||    53
Evoke: Wand              |       |       |       |     6 |    24 |    11 ||    41
  Use: Scroll            |       |    11 |     2 |     5 |    28 |     8 ||    54
       Potion            |       |     2 |     1 |     4 |     6 |     3 ||    16
 Stab: Sleeping          |       |       |     1 |     1 |     9 |    11 ||    22
       Confused          |       |       |     1 |       |    10 |     3 ||    14
       Paralysed         |       |       |       |     4 |     6 |       ||    10
       Distracted        |       |       |       |     1 |     3 |       ||     4
Armor: Skin              |       |     2 |     4 |    13 |    55 |     3 ||    77
Dodge: Dodged            |     2 |    26 |    46 |   110 |   314 |    49 ||   547
Block: Kite shield       |       |       |     1 |   110 |   355 |   107 ||   573
       Rpst.: Scimitar   |       |       |       |       |    53 |    13 ||    66

Table legend: (Time is in decaauts)
 A = Elapsed time spent in this place.
 B = Non-inter-level travel time spent in this place.
 C = Inter-level travel time spent in this place.
 D = Time resting spent in this place.
 E = Time spent auto-exploring this place.
 F = Levels seen in this place.
 G = Mean time per level.
                   A        B        C        D        E       F      G
               +--------+--------+--------+--------+--------+-----+--------+
         Total |  40594 |  38186 |   2408 |  14214 |  18082 |  26 | 1561.3 |
       Dungeon |  24089 |  22384 |   1705 |   8510 |  10561 |  15 | 1605.9 |
        Temple |    786 |    763 |     23 |      0 |    712 |   1 |  786.0 |
          Lair |  11428 |  10879 |    549 |   4242 |   5273 |   6 | 1904.7 |
  Orcish Mines |   2352 |   2221 |    131 |    358 |   1197 |   2 | 1176.0 |
        Bazaar |    337 |    337 |      0 |    210 |     49 |   1 |  337.0 |
        Bailey |   1600 |   1600 |      0 |    893 |    290 |   1 | 1600.0 |
               +--------+--------+--------+--------+--------+-----+--------+

Top non-repeatable levels by time:
  Lair:6: 3157 daAuts
  Lair:5: 2973 daAuts
     D:5: 2641 daAuts
    D:10: 2302 daAuts
    D:11: 2249 daAuts
     D:9: 2218 daAuts
    D:14: 2172 daAuts
   Orc:2: 1827 daAuts
    D:15: 1768 daAuts
    D:12: 1746 daAuts
  Bailey: 1600 daAuts
  Lair:1: 1533 daAuts
  Lair:4: 1407 daAuts
     D:8: 1349 daAuts
     D:3: 1322 daAuts
